 Dungeon Crawl Stone Soup version 0.22.0-25-g7663229 (webtiles) character file.

165 TheNamelessOne the Covered (level 5, 0/36 HPs)
             Began as a Halfling Fighter on Aug 20, 2018.
             Succumbed to an orc wizard's poison
             ... on level 3 of the Dungeon.
             The game lasted 00:03:11 (2286 turns).

TheNamelessOne the Covered (Halfling Fighter)       Turns: 2286, Time: 00:03:11

Health: 0/36       AC:  8    Str: 15 (18) XL:     5   Next: 74%
Magic:  5/5        EV: 13    Int:  3 (6)  God:
Gold:   123        SH: 10    Dex: 18 (19) Spells: 4/4 levels left

rFire    . . .     SeeInvis .   a - +0 flail
rCold    . . .     Gourm    .   c - +0 shield
rNeg     . . .     Faith    .   b - +0 scale mail
rPois    .         Spirit   .   (no helmet)
rElec    .         Reflect  .   (no cloak)
rCorr    .         Harm     .   s - +0 pair of gloves
MR       .....                  (no boots)
Stlth    +.........             (no amulet)
HPRegen  0.12/turn              (no ring)
MPRegen  0.09/turn              (no ring)

@: agile, lethally poisoned (0 -> -1), berserk cooldown, slowed, very slow
A: small, mutation resistance 1
a: no special abilities


You were on level 3 of the Dungeon.
You were not hungry.

You visited 1 branch of the dungeon, and saw 3 of its levels.

You collected 123 gold pieces.

Inventory:

Hand Weapons
 a - a +0 flail (weapon)
Armour
 b - a +0 scale mail (worn)
 c - a +0 shield (worn)
 s - a +0 pair of gloves (worn)
Scrolls
 g - a scroll of teleportation {unknown}
 i - 2 scrolls of amnesia {unknown}
 k - 3 scrolls of remove curse {unknown}
 l - 4 scrolls of identify {unknown}
 m - 2 scrolls of magic mapping {unknown}
 n - a scroll of fog {unknown}
 o - a scroll of fear {unknown}
 q - a scroll of immolation {unknown}
Potions
 d - 2 potions of might
Comestibles
 f - 3 rations


   Skills:
 + Level 3.4 Fighting
 * Level 3.4 Maces & Flails
 + Level 4.1 Armour
 + Level 4.1 Shields


You had 4 spell levels left.
You didn't know any spells.
Your spell library was empty.

Dungeon Overview and Level Annotations

Branches:
Dungeon (3/15)

Altars:
Sif Muna
Uskayaw


Innate Abilities, Weirdness & Mutations

You are small and have problems with some larger weapons.
You are somewhat resistant to further mutation.


Message History

You feel your anger nearly subside.
You start resting.
You are no longer berserk.
You are exhausted.
You feel yourself slow down.
Unknown command.
Okay, then.
* * * LOW HITPOINT WARNING * * *
You feel sick.
* * * LOW HITPOINT WARNING * * *
You feel sick.
Things that are here:
a dagger of venom; a robe; 3 chunks of flesh
* * * LOW HITPOINT WARNING * * *
You feel sick.
* * * LOW HITPOINT WARNING * * *
You feel sick.
* * * LOW HITPOINT WARNING * * *
You feel sick.
You die...

#.# #.# ##
######.###### #.
.......#...## #.
###.......<..#########.
#......................
#...........########.
#...@........).# #.
##.........###.# #.
##...#...## #.## ##.
#...####### #..# #..
#.#.# ..#..>##.###.#
...... ......o...##.#
..#.#.. ......)o......
..#.#.. ......)......#
........##...#


There were no monsters in sight!

Vanquished Creatures
  An orc wizard (D:3)
  5 adders
  An ooze (D:2)
  3 worms
  3 dart slugs
  A leopard gecko (D:2)
  11 orcs
  A ball python (D:2)
  2 bats
  2 giant cockroaches
  3 goblins
  8 hobgoblins
  9 kobolds
  2 quokkas
  5 frilled lizards
  4 rats
61 creatures vanquished.

Notes
Turn   | Place    | Note
-------+----------+-------------------------------------------
     0 | D:1      | TheNamelessOne the Halfling Fighter began the quest for the Orb.
     0 | D:1      | Reached XP level 1. HP: 15/15 MP: 1/1
   211 | D:1      | Reached XP level 2. HP: 20/20 MP: 2/2
   649 | D:1      | You fall through a shaft!
   683 | D:2      | Reached XP level 3. HP: 20/25 MP: 3/3
   939 | D:2      | Found a hide-covered altar of Uskayaw.
  1199 | D:2      | Reached XP level 4. HP: 30/31 MP: 4/4
  1567 | D:2      | Found a deep blue altar of Sif Muna.
  1851 | D:3      | Reached XP level 5. HP: 29/36 MP: 5/5
  2281 | D:3      | HP: 1/36 [poisoned by an orc wizard]
  2286 | D:3      | Succumbed to an orc wizard's poison

Skill      XL: |  1  2  3  4  5 |
---------------+----------------+-----
Maces & Flails | 2 3 |  3.4
Fighting       | 3 |  3.4
Armour         | 4 |  4.1
Shields        | 4 |  4.1

Action                   |  1- 3 |  4- 6 || total
-------------------------+-------+-------++-------
Melee: Flail             |   104 |   147 ||   251
  Use: Potion            |       |     6 ||     6
  Eat: Chunk             |     1 |     4 ||     5
Armor: Scale mail        |    35 |    80 ||   115
Dodge: Dodged            |    37 |    76 ||   113
Block: Shield            |    62 |   121 ||   183
